 Dungeon Crawl Stone Soup version 0.31-a0-240-gb923e448b6 (webtiles) character file.

Game seed: 891844959845728759

3134 Nattfarinn the Mimic (level 9, -6/59 HPs)
             Began as an Octopode Shapeshifter on July 12, 2023.
             Was an Initiate of Gozag.
             Mangled by Joseph
             ... wielding a +0 quarterstaff
              (10 damage)
             ... on level 8 of the Dungeon.
             The game lasted 00:13:22 (6465 turns).

Nattfarinn the Mimic (Octopode Shapeshifter)        Turns: 6465, Time: 00:13:22

Health: -6/59      AC:  1    Str: 24    XL:     9   Next: 92%
Magic:  18/18      EV: 13    Int: 16    God:    Gozag
Gold:   750        SH:  0    Dex: 13    Spells: 8/8 levels left

rFire   . .          .
                       - Unarmed
rCold   . . .        (no shield)
rNeg    . . .        (helmet restricted)
rPois   .            h - amulet of regeneration
rElec   .            k - ring of see invisible
rCorr   .            p - +6 ring of strength
SInv    +            u - ring of magical power
Will    .....        z - +6 ring of intelligence
Stlth   ++           (no ring)
HPRegen 1.09/turn    (no ring)
MPRegen 0.16/turn    (no ring)
                     (no ring)

%: no passive effects
@: maw-form
A: devouring maw, almost no armour, amphibious, 8 rings, camouflage 1,
gelatinous body 1, (nimble swimmer 1), tentacles
a: Renounce Religion, Potion Petition, Call Merchant, Bribe Branch


You were on level 8 of the Dungeon.
You worshipped Gozag.
Gozag was pleased with you.
You were a creature with a mouth for a stomach.
You visited 2 branches of the dungeon, and saw 9 of its levels.

You collected 820 gold pieces.
You paid 70 gold pieces to Gozag.

Inventory:

Jewellery
 c - a ring of ice
 h - an amulet of regeneration (around mantle)
 k - a ring of see invisible (left tentacle)
 p - a +6 ring of strength (right tentacle)
 u - a ring of magical power (on tentacle)
 z - a +6 ring of intelligence (on tentacle)
 B - a ring of positive energy
Talismans
 b - a beast talisman
 e - a maw talisman
Wands
 v - a wand of light (4)
Scrolls
 i - 3 scrolls of revelation
 j - a scroll of noise {unknown}
 m - a scroll of amnesia {unknown}
 o - a scroll of summoning {unknown}
 q - 2 scrolls of vulnerability
 r - 4 scrolls of teleportation {unknown}
 y - a scroll of silence
 C - 2 scrolls of enchant armour {unknown}
Potions
 a - 2 potions of lignification
 d - 3 potions of enlightenment
 g - 7 potions of curing {unknown}
 l - 3 potions of degeneration {unknown}
 n - 2 potions of haste {unknown}
 s - a potion of experience {unknown}
 t - a potion of brilliance {unknown}
 w - a potion of magic {unknown}
 x - 3 potions of might {unknown}
 A - a potion of heal wounds {unknown}


   Skills:
 * Level 4.5 Fighting
 - Level 2.0 Dodging
 + Level 7.8 Unarmed Combat
 - Level 9.3 Shapeshifting


You had 8 spell levels left.
You didn't know any spells.
Your spell library contained the following spells:

 Spells                   Type           Power      Damage    Failure   Level
 Apportation              Tloc           0%         N/A       26%         1
 Necrotise                Necr           0%         1d4       26%         1
 Summon Small Mammal      Summ           0%         N/A       26%         1
 Tukima's Dance           Hex            0%         N/A       58%         3
 Passage of Golubria      Tloc           0%         N/A       94%         4
 Silence                  Hex/Air        0%         N/A       100%        5
 Yara's Violent Unravell  Hex/Tmut       0%         3d3       100%        5
 Lehudib's Crystal Spear  Conj/Erth      0%         10d2      100%        8


Dungeon Overview and Level Annotations

Branches:
Dungeon (8/15)             Temple (1/1) D:5
   Lair: D:8-11

Altars:
Ashenzari
Cheibriados
Elyvilon
Fedhas
Gozag
Hepliaklqana
Makhleb
Okawaru
Qazlal
Vehumet
Wu Jian
Xom
The Shining One

Shops:
D:6 ([

Annotations:
D:8 Joseph


Innate Abilities, Weirdness & Mutations

You are a creature with a mouth for a stomach.
Your midsection houses a second, enormous mouth.
You cannot wear most types of armour.
You are amphibious.
You can wear up to eight rings at the same time.
Your skin changes colour to match your surroundings (Stealth+).
Your rubbery body absorbs attacks. (AC +1, EV +1)
((You are camouflaged when in or above water. (Stealth+)))
You have tentacles for arms and can constrict up to eight enemies at once.


Message History

You feel sick.
You feel sick.
You feel sick.
You feel sick.
You feel sick.
You are no longer poisoned.
HP restored.
You now have 737 gold pieces (gained 4).
Things that are here:
a +1 dagger of chaos; a +2 robe of willpower
Found 3 curare-tipped darts.
You now have 750 gold pieces (gained 13).
C - 2 scrolls labelled JOARIDGH ULIU (gained 1)
Found 6 boomerangs.
Joseph, a Mercenary comes into view.
He is wielding a +0 quarterstaff.
Aiming: Bolt of Light
Press: ? - help, Shift-Dir - straight line, f - Joseph
Aim: Joseph, wielding a +0 quarterstaff and wearing a +0 ring mail (asleep, 100% to hit)
The bolt of light hits Joseph!
Joseph is moderately wounded.
Joseph shouts!
Joseph is blinded.
Joseph unwields a +0 quarterstaff.
Joseph wields a +0 sling.
Joseph shoots a sling bullet.
The sling bullet barely misses you.
Joseph shoots a sling bullet.
The sling bullet hits you!!
Joseph shoots a sling bullet.
The sling bullet hits you!
You are too injured to fight recklessly!
Joseph shoots a sling bullet.
The sling bullet hits you!!
* * * LOW HITPOINT WARNING * * *
Joseph unwields a +0 sling.
Joseph wields a +0 quarterstaff.
Joseph barely misses you.
You tentacle-slap Joseph. You grab Joseph. You bite Joseph!
Joseph is heavily wounded.
You constrict Joseph. Joseph hits you with a +0 quarterstaff!
* * * LOW HITPOINT WARNING * * *
Unknown command.
You tentacle-slap Joseph. You bite Joseph!
Joseph is almost dead.
You constrict Joseph. Joseph hits you with a +0 quarterstaff!
You die...
Your body crumbles into a pile of gold.

...#.........
...............
...............
...............
.........# ..#
..#.....># ..
.........## #.##
.####.....# #.@# ##
#......## #W##
##.......## #..##
#..#..##..## ##..####.#
###..####..####........
#..# ##..##..######.
#..## #......# #...##
##.....# .#
######.###......# #.#
#..........#....# #.#


You could see Joseph (blind).

Vanquished Creatures
  Psyche (D:8)
  Maggie (D:6)
  Sigmund (D:3)
  A water moccasin (D:5)
  Duvessa (D:5)
  2 sky beasts
  2 ice beasts
  A centaur (D:5)
  3 ogres (D:6)
  2 kobold brigands (D:7)
  A scorpion (D:5)
  3 bullfrogs
  3 wights (D:6)
  Dowan (D:5)
  A howler monkey (D:8)
  A gnoll bouda (D:4)
  5 hounds
  4 orc priests
  A jelly (D:3)
  3 iguanas (D:6)
  3 sleepcaps
  4 orc wizards
  13 gnolls
  7 adders
  2 white imps
  An ufetubus (D:5)
  4 worms
  20 orcs
  5 endoplasms
  6 giant cockroaches
  12 hobgoblins
  6 jackals
  5 quokkas
  5 ball pythons
  5 bats
  4 frilled lizards
  7 goblins
  11 kobolds
  4 rats
162 creatures vanquished.

Notes
Turn   | Place    | Note
-------+----------+-------------------------------------------
     0 | D:1      | Nattfarinn the Octopode Shapeshifter began the quest for
                  | the Orb.
     0 | D:1      | Reached XP level 1. HP: 14/14 MP: 1/1
    52 | D:1      | You fall into a shaft and drop 1 floor!
    64 | D:2      | Reached XP level 2. HP: 19/19 MP: 2/2
   176 | D:1      | Reached XP level 3. HP: 12/24 MP: 3/3
   338 | D:1      | Reached skill level 4 in Shapeshifting
   974 | D:2      | Reached XP level 4. HP: 29/29 MP: 4/4
  1290 | D:2      | Found a faded altar of an unknown god.
  1635 | D:3      | Reached skill level 5 in Shapeshifting
  1635 | D:3      | Reached XP level 5. HP: 23/34 MP: 5/5
  1684 | D:3      | Found a snail-covered altar of Cheibriados.
  1836 | D:3      | Found a faded altar of an unknown god.
  1844 | D:3      | Reached XP level 6. HP: 6/39 MP: 6/6
  1881 | D:3      | Found a white marble altar of Elyvilon.
  1929 | D:3      | Noticed Sigmund
  2340 | D:4      | Found a burning altar of Makhleb.
  2346 | D:4      | Reached skill level 6 in Shapeshifting
  2531 | D:3      | Killed Sigmund
  2532 | D:3      | Reached skill level 7 in Shapeshifting
  2532 | D:3      | Reached XP level 7. HP: 45/45 MP: 7/7
  3141 | D:5      | Entered Level 5 of the Dungeon
  3146 | D:5      | Found a staircase to the Ecumenical Temple.
  3156 | Temple   | Entered the Ecumenical Temple
  3189 | Temple   | Became a worshipper of Gozag Ym Sagoz the Greedy
  3391 | D:5      | Noticed Duvessa
  3399 | D:5      | Killed Duvessa
  3400 | D:5      | Reached skill level 8 in Shapeshifting
  3400 | D:5      | Reached XP level 8. HP: 31/50 MP: 8/8
  3402 | D:5      | Noticed Dowan
  3453 | D:5      | Killed Dowan
  3612 | D:5      | Found a hazy altar of Hepliaklqana.
  3857 | D:6      | Reached skill level 9 in Shapeshifting
  3878 | D:6      | Found Gunyg's Antique Armour Boutique.
  4058 | D:6      | Found Witoafye's Weapon Shoppe.
  4081 | D:6      | Reached XP level 9. HP: 40/54 MP: 9/9
  4217 | D:6      | Reached skill level 5 in Unarmed Combat
  4286 | D:6      | Found a blossoming altar of Fedhas.
  4317 | D:6      | Noticed Maggie
  4325 | D:6      | Killed Maggie
  6260 | D:8      | Noticed Psyche
  6267 | D:8      | Killed Psyche
  6458 | D:8      | Noticed Joseph
  6465 | D:8      | Mangled by Joseph

Illustrated notes

Levels and vault maps discovered:
D:1:      amcnicky_arrival_underground_garden, layout_basic
D:2:      layout_rooms, dreamdust_ecumenical_altar_grove, dk_noncrumbling_3,
          minmay_misc_feat_roman, chequers_serial_rivers_large_a
D:3:      layout_basic, slow_altar_1, nicolae_overflow_ecumenical_swirl,
          uniq_sigmund
D:4:      layout_cave_pods, makhleb_blood_cavern_becter
D:5:      layout_loops_ring, mainiacjoe_overflow_paths,
          minmay_temple_entry_waves, uniq_duvessa
D:6:      layout_basic, fedhas_altar_2, serial_shops, shop_statue, shop,
          uniq_maggie
D:7:      layout_loops_corners
D:8:      layout_layer_cave, uniq_psyche, uniq_joseph
Temple:   hellmonk_temple_two_chambers

Skill      XL: |  1  2  3  4  5  6  7  8  9 |
---------------+----------------------------+-----
Shapeshifting  | 4 5 7 8 9 |  9.3
Unarmed Combat | 4 7 |  7.8
Fighting       | 4 |  4.5
Dodging        | |  2.0

Action                     |  1- 3 |  4- 6 |  7- 9 || total
---------------------------+-------+-------+-------++-------
  Melee: Unarmed           |    48 |   115 |   145 ||   308
         Constrict         |    17 |    37 |    54 ||   108
         Tentacles         |    15 |    24 |    52 ||    91
         Punch             |       |       |     8 ||     8
         Maw               |       |       |    28 ||    28
  Evoke: Wand              |       |       |     5 ||     5
    Use: Potion            |       |       |     1 ||     1
         Scroll            |       |       |     3 ||     3
   Stab: Sleeping          |     6 |     4 |     6 ||    16
         Distracted        |       |     1 |       ||     1
 Armour: Skin              |     2 |     4 |     3 ||     9
  Dodge: Dodged            |    21 |    81 |    67 ||   169
   Form: Maw               |       |       |     2 ||     2
         Beast             |       |       |     1 ||     1

Table legend: (Time is in decaauts)
 A = Elapsed time spent in this place.
 B = Non-inter-level travel time spent in this place.
 C = Inter-level travel time spent in this place.
 D = Time resting spent in this place.
 E = Time spent auto-exploring this place.
 F = Levels seen in this place.
 G = Mean time per level.
                   A        B        C        D        E       F      G
               +--------+--------+--------+--------+--------+-----+--------+
         Total |   6453 |   6053 |    400 |    166 |   4851 |   9 |  717.0 |
       Dungeon |   6415 |   6026 |    389 |    166 |   4828 |   8 |  801.9 |
        Temple |     37 |     26 |     11 |      0 |     23 |   1 |   37.0 |
               +--------+--------+--------+--------+--------+-----+--------+

Top non-repeatable levels by time:
     D:6: 997 daAuts
     D:7: 975 daAuts
     D:1: 910 daAuts
     D:4: 887 daAuts
     D:8: 726 daAuts
     D:3: 699 daAuts
     D:2: 636 daAuts
     D:5: 583 daAuts
  Temple: 37 daAuts
